 Dungeon Crawl Stone Soup version 0.28-a0-1567-g1695149f81 (webtiles) character file.

Game seed: 18275236517975966643

55 comborobin the Skirmisher (level 3, -1/27 HPs)
             Began as an Octopode Cinder Acolyte on Jan 20, 2022.
             Was a High Priest of Ignis.
             Slain by Pikel (10 damage)
             ... on level 4 of the Dungeon.
             The game lasted 00:00:38 (607 turns).

comborobin the Skirmisher (Octopode Cinder Acolyte)  Turns: 607, Time: 00:00:39

Health: -1/27      AC:  1    Str: 13    XL:     3   Next: 93%
Magic:  4/4        EV: 13    Int: 16    God:    Ignis [*****.]
Gold:   39         SH:  0    Dex:  9    Spells: 4/4 levels left

rFire   + . .      SeeInvis .     - Unarmed
rCold   . . .      Faith    .   (no shield)
rNeg    . . .      Spirit   .   (helmet restricted)
rPois   .          Reflect  .   (no amulet)
rElec   .          Harm     .   (no ring)
rCorr   .          Rampage  .   (no ring)
Will    .....                   (no ring)
Stlth   ++........              (no ring)
HPRegen 0.09/turn               (no ring)
MPRegen 0.09/turn               (no ring)
                                (no ring)
                                (no ring)

@: no status effects
A: almost no armour, amphibious, 8 rings, camouflage 1, gelatinous body 1,
(nimble swimmer 1), tentacles
a: Renounce Religion, Fiery Armour, Foxfire Swarm, Rising Flame


You were on level 4 of the Dungeon.
You worshipped Ignis.
Ignis was extremely pleased with you.
You visited 1 branch of the dungeon, and saw 4 of its levels.

You collected 39 gold pieces.

You aren't carrying anything.


   Skills:
 + Level 3.9 Fighting
 + Level 2.2 Dodging
 - Level 3.0 Unarmed Combat
 - Level 1.0 Spellcasting
 - Level 3.0 Fire Magic


You had 4 spell levels left.
You didn't know any spells.
Your spell library contained the following spells:

 Spells                   Type           Power      Damage    Failure   Level
 Scorch                   Fire           20%        2d6       10%         2


Dungeon Overview and Level Annotations

Branches:
Dungeon (4/15)
 Temple: D:4-7

Altars:

Shops:
D:4 **

Annotations:
D:4 Pikel


Innate Abilities, Weirdness & Mutations

You cannot wear most types of armour.
You are amphibious.
You can wear up to eight rings at the same time.
Your skin changes colour to match your surroundings (Stealth+).
Your rubbery body absorbs attacks. (AC +1, EV +1)
((You are camouflaged when in or above water. (Stealth+)))
You have tentacles for arms and can constrict up to eight enemies at once.


Message History

You now have 31 gold pieces (gained 17).
You now have 39 gold pieces (gained 8).
There is a fountain of clear blue water here.
There is an entrance to Tigot's Assorted Antiques here.
Unknown command.
There is a fountain of clear blue water here.
Found a mace.
No target in view!
A lemure comes into view.
Found Omeptips's Elemental Accessories.
The lemure shouts!
A lemure is nearby! 2 lemures come into view.
A lemure comes into view.
There are monsters nearby!
The lemure shouts! x2; You hear a shout!
Pikel, Merchant of Souls comes into view.
He is wielding a +0 whip of freezing.
The lemure hits you but does no damage.
You closely miss the lemure. You grab the lemure.
You constrict the lemure, but do no damage.
Pikel says, "I knew I should've brought a map."
The lemure hits you but does no damage.
You tentacle-slap the lemure but do no damage.
You constrict the lemure, but do no damage.
The lemure struggles to escape constriction.
The lemure misses you.
You release your grip on the lemure.
Press: ? - help, v - describe, . - travel
Here: Pikel, wielding a +0 whip of freezing and wearing a +0 robe The floor.
Unknown command.
Pikel cracks his whip.
You see here a hound corpse.
The lemure barely misses you. The lemure closely misses you.
The lemure hits you.
Activating: Foxfire Swarm
Press: ? - help, Dir - look around, f - activate Flames leap up around you!
The lemure hits you! x2
The lemure barely misses you.
Pikel hits you with a +0 whip of freezing!
You die...

#....... ##.. . #....#.#
#... .. #....#.#####...
..########..........#...
#..........#.#.#.#.#...
#...........8.⌠.8..#...
#...vvvvv..#.#.#.#.#..5 .
##..vv55v...⌠.∩.⌠..#... ..
#..vv@55..#.#.#.#.#...
...###..vvvKv...8.⌠.8......
........vvvvv..#.#.#.#....#
#........<.............#.##
#.....#####.####.##........
............†......#####.##
..##...............# #.#
#...............# ...
#...............# ..


You could see Pikel (ally target) and 4 lemures.

Vanquished Creatures
  A hound (D:4)
  2 adders
  An endoplasm (D:1)
  A goblin (D:1)
  A quokka (D:1)
  A kobold (D:3)
7 creatures vanquished.

Notes
Turn   | Place    | Note
-------+----------+-------------------------------------------
     0 | D:1      | comborobin the Octopode Cinder Acolyte began the quest for
                  | the Orb.
     0 | D:1      | Reached XP level 1. HP: 16/16 MP: 2/2
     3 | D:1      | Noticed an electric eel
     4 | D:1      | Noticed an electric eel
   370 | D:2      | Reached skill level 1 in Dodging
   370 | D:2      | Reached XP level 2. HP: 16/21 MP: 3/3
   440 | D:4      | Found Tigot's Assorted Antiques.
   444 | D:4      | Reached XP level 3. HP: 17/26 MP: 4/4
   566 | D:4      | Found Omeptips's Elemental Accessories.
   566 | D:4      | Noticed a lemure
   568 | D:4      | Noticed a lemure
   568 | D:4      | Noticed a lemure
   568 | D:4      | Noticed a lemure
   569 | D:4      | Noticed Pikel
   607 | D:4      | Slain by Pikel

Illustrated notes

Levels and vault maps discovered:
D:1:      arrival_aquarium_b, layout_basic
D:2:      layout_loops_corners, chequers_serial_rivers_micro_c, grunt_decor_cap,
          moated_statue, minmay_pentomino_p4, uniq_natasha, uniq_jessica,
          uniq_robin
D:3:      corexii_shack_village, layout_rooms, nicolae_sif_muna_condensation,
          corexii_corridor_pit, minmay_pentomino_pile, uniq_sigmund
D:4:      layout_basic, lemuel_zombie_altar_yredelemnul,
          mainiacjoe_overflow_catch_the_wave, minmay_shop_grid_forest,
          nicolae_concentric_dashed_squares_wild, nicolae_elemental_shop,
          hangedman_decor_growths, uniq_pikel

Skill      XL: |  1  2  3 |
---------------+----------+-----
Dodging        | 1 2 |  2.2
Fighting       | |  3.9
Unarmed Combat | |  3.0
Spellcasting   | |  1.0
Fire Magic     | |  3.0

Action                   || total
-------------------------++-------
Melee: Unarmed           ||    26
       Constrict         ||     6
       Punch             ||     2
       Tentacles         ||     2
Invok: Foxfire Swarm     ||     1
 Stab: Sleeping          ||     1
Armor: Skin              ||     5
Dodge: Dodged            ||    16

Table legend: (Time is in decaauts)
 A = Elapsed time spent in this place.
 B = Non-inter-level travel time spent in this place.
 C = Inter-level travel time spent in this place.
 D = Time resting spent in this place.
 E = Time spent auto-exploring this place.
 F = Levels seen in this place.
 G = Mean time per level.
                   A        B        C        D        E       F      G
               +--------+--------+--------+--------+--------+-----+--------+
         Total |    605 |    585 |     20 |    145 |    339 |   4 |  151.2 |
       Dungeon |    605 |    585 |     20 |    145 |    339 |   4 |  151.2 |
               +--------+--------+--------+--------+--------+-----+--------+

Top non-repeatable levels by time:
     D:1: 334 daAuts
     D:4: 224 daAuts
     D:2: 36 daAuts
     D:3: 9 daAuts
